 Dungeon Crawl Stone Soup version 0.30-a0-897-ga2f19c967e (webtiles) character file.

Game seed: 13323475931869296850

586 Drevant2 the Slasher (level 7, -27/56 HPs)
             Began as a Gnoll Reaver on Mar 18, 2023.
             Annihilated by an ogre
             ... wielding a +0 giant club
              (32 damage)
             ... on level 5 of the Dungeon.
             The game lasted 00:12:04 (4681 turns).

Drevant2 the Slasher (Gnoll Reaver)                 Turns: 4681, Time: 00:12:05

Health: -27/56     AC:  6    Str: 11 (12) XL:     7   Next: 37%
Magic:  15/15      EV: 10    Int: 11 (12) God:
Gold:   258        SH:  0    Dex: 10 (12) Spells: 16/17 levels left

rFire   . . .      SeeInvis .    a - +0 falchion
rCold   . . .      Faith    .    (no shield)
rNeg    . . .      Spirit   .    g - +0 scale mail
rPois   +          Reflect  .    (no helmet)
rElec   .          Rampage  .    (no cloak)
rCorr   .                        (no gloves)
Will    .....                    (no boots)
Stlth   +                        (no amulet)
HPRegen 0.29/turn                o - ring of poison resistance
MPRegen 0.14/turn                (no ring)

@: no status effects
A: fangs 1, strong nose, distributed training
a: no special abilities


You were on level 5 of the Dungeon.
You visited 1 branch of the dungeon, and saw 5 of its levels.
You also visited: Sewer.

You collected 258 gold pieces.

Inventory:

Hand Weapons
 a - a +0 falchion (weapon)
 d - a +0 dagger of draining
 z - the +4 short sword of Syshref {elec, *Slow Will- rCorr SInv}
   (You found it on level 5 of the Dungeon)

   SInv:      It lets you see invisible.
   rCorr:     It protects you from acid and corrosion.
   *Slow:     It may slow you when you take damage.
   Will:      It decreases your willpower.
Armour
 b - a +0 leather armour
 g - a +0 scale mail (worn)
Jewellery
 o - a ring of poison resistance (left hand)
Wands
 y - a wand of flame (18)
Scrolls
 h - 4 scrolls of teleportation
 j - a scroll of amnesia {unknown}
 l - 3 scrolls of identify
 m - a scroll of torment {unknown}
 p - 2 scrolls of blinking {unknown}
 r - 2 scrolls of fog {unknown}
 t - a scroll of fear {unknown}
 u - 2 scrolls of enchant armour {unknown}
 w - a scroll of enchant weapon {unknown}
Potions
 f - a potion of degeneration
 i - a potion of haste {unknown}
 k - 2 potions of flight {unknown}
 n - 2 potions of resistance {unknown}
 q - 2 potions of might {unknown}
 s - a potion of invisibility {unknown}
 v - a potion of brilliance {unknown}
 x - a potion of mutation {unknown}


   Skills:
 + Level 5.3 Fighting
 + Level 2.5 Short Blades
 + Level 7.1 Long Blades
 + Level 2.5 Axes
 + Level 2.5 Maces & Flails
 + Level 2.5 Polearms
 + Level 2.5 Staves
 + Level 2.5 Ranged Weapons
 + Level 2.5 Throwing
 + Level 2.5 Armour
 + Level 5.3 Dodging
 + Level 2.5 Stealth
 + Level 2.5 Shields
 + Level 2.5 Unarmed Combat
 + Level 5.6 Spellcasting
 + Level 5.8 Conjurations
 + Level 2.1 Hexes
 + Level 2.1 Summonings
 + Level 2.1 Necromancy
 + Level 2.1 Translocations
 + Level 2.1 Transmutations
 + Level 2.1 Fire Magic
 + Level 2.1 Ice Magic
 + Level 2.1 Air Magic
 + Level 2.1 Earth Magic
 + Level 2.1 Poison Magic
 + Level 2.8 Invocations
 + Level 2.5 Evocations


You had 16 spell levels left.
You knew the following spells:

 Your Spells              Type           Power      Damage    Failure   Level
a - Kiss of Death         Conj/Necr      44%        2d8       22%         1

Your spell library contained the following spells:

 Spells                   Type           Power      Damage    Failure   Level
 Momentum Strike          Conj/Tloc      22%        3d8       32%         2
 Summon Small Mammal      Summ           28%        N/A       43%         1
 Hailstorm                Conj/Ice       11%        3d5       54%         3
 Call Canine Familiar     Summ           7%         N/A       82%         3
 Summon Guardian Golem    Hex/Summ       7%         N/A       82%         3


Dungeon Overview and Level Annotations

Branches:
Dungeon (5/15)              Sewer (visited)
 Temple: D:4-7

Altars:
Kikubaaqudgha
Xom
Zin

Shops:
D:1 =

Annotations:
D:2 Sigmund


Innate Abilities, Weirdness & Mutations

You have very sharp teeth.
Your uncanny sense of smell can sniff out nearby items.
Your experience applies equally to all skills.


Message History

You closely miss the adder.
The adder is heavily wounded.
Your transformation is almost over.
You feel sick.
You are no longer poisoned.
The adder bites you.
* * * LOW HITPOINT WARNING * * *
It was a potion of degeneration.
There was something very wrong with that liquid.
You feel weakened.
You feel dopey.
You feel clumsy. The adder bites you but does no damage.
You feel much better.
The adder bites you but does no damage. x2
You hit the adder.
The adder is heavily wounded.
The adder bites you but does no damage.
You hit the adder.
The adder is almost dead.
The howler monkey hoots and howls with incredible vigour!
The adder bites you but does no damage.
You slash the adder!
You kill the adder!
The howler monkey hoots and howls with incredible vigour!
You hit the ogre but do no damage. The ogre hits you with a +0 giant club!
* * * LOW HITPOINT WARNING * * *
You hit the ogre.
The ogre is lightly wounded.
You barely miss the ogre.
The ogre is lightly wounded.
You feel less wooden.
Your +0 scale mail unmelds from your body.
The howler monkey hoots and howls with incredible vigour!
The ogre hits you with a +0 giant club!!
* * * LOW HITPOINT WARNING * * *
You barely miss the ogre.
The ogre is lightly wounded.
Okay, then.
The ogre attacks as you move away!
The ogre hits you with a +0 giant club!!
Ouch! That really hurt!
You die...

## ####. # ∆ ####
...... ##.#### (..#
......##Oh:....
.... .......@##
#### ##.
.....##..###....
### #.#.#.#...
#######...#.....
................
#######.<.......
................
##.#
#..................
#..#
#.#................


You could see an ogre and a howler monkey.

Vanquished Creatures
  A water moccasin (D:5)
  Pargi (Sewer)
  An ogre (D:5)
  2 sleepcaps (D:5)
  Terence (D:2)
  An iguana (D:4)
  8 adders
  A worm (D:2)
  5 dart slugs
  4 orcs
  5 bats
  10 endoplasms
  6 giant cockroaches
  9 goblins
  9 hobgoblins
  5 jackals
  8 kobolds
  5 quokkas
  4 ball pythons
  8 frilled lizards
  8 rats
  A butterfly (D:5)
103 creatures vanquished.

Notes
Turn   | Place    | Note
-------+----------+-------------------------------------------
     0 | D:1      | Drevant2 the Gnoll Reaver began the quest for the Orb.
     0 | D:1      | Reached XP level 1. HP: 20/20 MP: 6/6
    71 | D:1      | Reached XP level 2. HP: 23/26 MP: 7/7
   346 | D:1      | Found Isuicab's Jewellery Boutique.
   505 | D:1      | Reached skill level 5 in Spellcasting
   505 | D:1      | Reached XP level 3. HP: 22/29 MP: 7/9
   891 | D:2      | Reached skill level 1 in Invocations
   901 | D:2      | Noticed Sigmund
  1140 | D:2      | Reached skill level 1 in Short Blades
  1140 | D:2      | Reached skill level 1 in Axes
  1140 | D:2      | Reached skill level 1 in Maces & Flails
  1140 | D:2      | Reached skill level 1 in Polearms
  1140 | D:2      | Reached skill level 1 in Staves
  1140 | D:2      | Reached skill level 1 in Ranged Weapons
  1140 | D:2      | Reached skill level 1 in Throwing
  1140 | D:2      | Reached skill level 1 in Armour
  1140 | D:2      | Reached skill level 1 in Stealth
  1140 | D:2      | Reached skill level 1 in Shields
  1140 | D:2      | Reached skill level 1 in Unarmed Combat
  1140 | D:2      | Reached skill level 1 in Evocations
  1193 | D:2      | Reached XP level 4. HP: 31/38 MP: 11/11
  1264 | D:2      | Noticed Terence
  1290 | D:2      | Killed Terence
  1291 | D:2      | Reached skill level 1 in Hexes
  1291 | D:2      | Reached skill level 1 in Summonings
  1291 | D:2      | Reached skill level 1 in Necromancy
  1291 | D:2      | Reached skill level 1 in Translocations
  1291 | D:2      | Reached skill level 1 in Transmutations
  1291 | D:2      | Reached skill level 1 in Fire Magic
  1291 | D:2      | Reached skill level 1 in Ice Magic
  1291 | D:2      | Reached skill level 1 in Air Magic
  1291 | D:2      | Reached skill level 1 in Earth Magic
  1291 | D:2      | Reached skill level 1 in Poison Magic
  1666 | D:3      | Reached XP level 5. HP: 43/43 MP: 12/12
  2819 | D:4      | Found a glowing silver altar of Zin.
  3104 | D:4      | Found a glowing drain.
  3127 | Sewer    | Entered a sewer
  3355 | Sewer    | Noticed Pargi
  3378 | Sewer    | Killed Pargi
  3378 | Sewer    | Reached skill level 5 in Fighting
  3378 | Sewer    | Reached skill level 5 in Dodging
  3378 | Sewer    | Reached XP level 6. HP: 51/51 MP: 14/14
  4052 | D:5      | Entered Level 5 of the Dungeon
  4154 | D:5      | Noticed a black bear
  4191 | D:5      | Found a shimmering altar of Xom.
  4387 | D:5      | Found an ancient bone altar of Kikubaaqudgha.
  4433 | D:5      | Identified the +4 short sword of Syshref {elec, *Slow Will-
                  | rCorr SInv}
  4458 | D:5      | Reached skill level 7 in Long Blades
  4458 | D:5      | Reached XP level 7. HP: 56/56 MP: 15/15
  4681 | D:5      | Annihilated by an ogre

Illustrated notes

Levels and vault maps discovered:
D:1:      mrwooster_arrival_statue_2, layout_basic, serial_shops,
          nicolae_shop_trees, palyth_stone_intersect, chequers_jeans,
          minmay_misc_feat_chi, supply_closet_lemuel
D:2:      layout_rooms, grunt_decor_mini_mirrors, minmay_statues_item,
          guppyfry_early_orc_mine, uniq_terence, uniq_sigmund
D:3:      layout_loops_corners, item_on_display_a
D:4:      layout_basic, mainiacjoe_overflow_brackets, portal_sewer_entry_b,
          dk_vineyard_2
D:5:      layout_basic, xom_butterflies, lemuel_round_altar,
          minmay_manual_monstrance

Skill      XL: |  1  2  3  4  5  6  7 |
---------------+----------------------+-----
Spellcasting   | 5 |  5.6
Invocations    | 1 2 |  2.8
Short Blades   | 1 2 |  2.5
Axes           | 1 2 |  2.5
Maces & Flails | 1 2 |  2.5
Polearms       | 1 2 |  2.5
Staves         | 1 2 |  2.5
Ranged Weapons | 1 2 |  2.5
Throwing       | 1 2 |  2.5
Armour         | 1 2 |  2.5
Stealth        | 1 2 |  2.5
Shields        | 1 2 |  2.5
Unarmed Combat | 1 2 |  2.5
Evocations     | 1 2 |  2.5
Hexes          | 1 2 |  2.1
Summonings     | 1 2 |  2.1
Necromancy     | 1 2 |  2.1
Translocations | 1 2 |  2.1
Transmutations | 1 2 |  2.1
Fire Magic     | 1 2 |  2.1
Ice Magic      | 1 2 |  2.1
Air Magic      | 1 2 |  2.1
Earth Magic    | 1 2 |  2.1
Poison Magic   | 1 2 |  2.1
Fighting       | 5 |  5.3
Dodging        | 5 |  5.3
Long Blades    | 7 |  7.1
Conjurations   | |  5.8

Action                     |  1- 3 |  4- 6 |  7- 9 || total
---------------------------+-------+-------+-------++-------
  Melee: Dagger            |    48 |       |       ||    48
         Falchion          |    90 |   283 |    47 ||   420
         Bite              |     6 |    32 |     1 ||    39
         Punch             |     1 |    11 |     1 ||    13
    Use: Potion            |       |     4 |     4 ||     8
         Scroll            |       |     2 |       ||     2
 Armour: Leather armour    |    24 |       |       ||    24
         Scale mail        |    57 |    81 |     5 ||   143
         Skin              |       |    27 |    26 ||    53
  Dodge: Dodged            |    86 |   121 |     9 ||   216

Table legend: (Time is in decaauts)
 A = Elapsed time spent in this place.
 B = Non-inter-level travel time spent in this place.
 C = Inter-level travel time spent in this place.
 D = Time resting spent in this place.
 E = Time spent auto-exploring this place.
 F = Levels seen in this place.
 G = Mean time per level.
                   A        B        C        D        E       F      G
               +--------+--------+--------+--------+--------+-----+--------+
         Total |   4697 |   3736 |    961 |    749 |   1946 |   6 |  782.8 |
       Dungeon |   4357 |   3396 |    961 |    578 |   1946 |   5 |  871.4 |
         Sewer |    339 |    339 |      0 |    171 |      0 |   1 |  339.0 |
               +--------+--------+--------+--------+--------+-----+--------+

Top non-repeatable levels by time:
     D:4: 1201 daAuts
     D:1: 974 daAuts
     D:3: 951 daAuts
     D:5: 615 daAuts
     D:2: 614 daAuts
   Sewer: 339 daAuts
